[Event "*** Titled Tuesday Blitz"]
[Site "Chess.com"]
[Date "2020.11.24"]
[Round "2"]
[White "ama18"]
[Black "BJthechessgod"]
[Result "1-0"]
[WhiteElo "2453"]
[BlackElo "2235"]
[TimeControl "180+1"]
[EndTime "10:33:40 PST"]
[Termination "ama18 won by resignation"]

1. e4 c5 2. Nf3 d6 3. d4 cxd4 4. Nxd4 Nf6 5. Nc3 g6 6. Be3 Bg7 7. f3 O-O 8. Qd2 Nc6 9. O-O-O d5 10. exd5 Nxd5 11. Nxc6 bxc6 12. Bd4 Bxd4 13. Qxd4 Qb6 14. Na4 Qc7 15. Bc4 Be6 16. Nc5 Rad8 17. Nxe6 fxe6 18.
Qe4 Rd6 19. Bb3 Rf4 20. Qe5 Rf5 21. Qe2 a5 22. a3 Kf7 23. Qe4 Rf4 24. Qe5 a4 25.
Bxd5 Rf5 26. Bxe6+ Ke8 27. Qe4 Rf6 28. Ba2 Qa5 29.
c3 Qg5+ 30. Kb1 Qxg2 31. Rhe1 Rxd1+ 32. Rxd1 Qxf3 33. Qxa4 Kf8 34. Qc2 Qf2 35. Bb3 Qxc2+ 36. Kxc2 Rf2+ 37. Rd2 Rf5 38. a4 e5 39. a5 Ke7 40. a6 Rf8 41. Bc4 Ra8 42. b4 Kf6 43. Kb3 g5 44. Ka4 h5 45. Ka5 g4 46. Kb6 1-0

[Event "*** Titled Tuesday Blitz"]
[Site "Chess.com"]
[Date "2020.11.24"]
[Round "2"]
[White "Msb2"]
[Black "ChessAurochs"]
[Result "1-0"]
[WhiteElo "2917"]
[BlackElo "2558"]
[TimeControl "180+1"]
[EndTime "10:33:41 PST"]
[Termination "Msb2 won on time"]

1. d4 Nf6 2. Nc3 d5 3. Bf4 a6 4. e3 e6 5. g4 c5 6. g5 Nfd7 7. h4 Nc6 8. Nf3 Qb6 9. Rb1 cxd4 10. exd4 Bb4 11. Bg2 Nf8 12. O-O Bd7 13. Ne2 O-O-O 14. c3 Be7 15. b4 Ng6 16. Bg3 h6 17. h5 Nf8 18. Qd2 Na7 19. c4 dxc4 20. Rfc1 Bb5 21. gxh6 Rxh6 22. Ne5 Rxh5 23. Nxc4 Bxc4 24. Rxc4+ Kd7 25.
Rbc1 Nb5 26. d5 Ke8 27. a4 exd5 28. Rg4 Nd6 29. Nf4 Ne4 30. Qe2 Nxg3 31. Rxg3 Rf5 32. Re3 Qxb4 33. Re1 Rd7 34. Nxd5 Rfxd5 35. Bxd5 Ng6 36.
Be4 Nf4 37. Qf3 Ne6 38. Bg6 fxg6 39. Rxe6 Kd8 40. Rd1 Rxd1+ 41. Qxd1+ Ke8 42. Re3 Qc5 43. Qb3 Qg5+ 44. Kf1 1-0

[Event "*** Titled Tuesday Blitz"]
[Site "Chess.com"]
[Date "2020.11.24"]
[Round "2"]
[White "Fandorine"]
[Black "Marty435"]
[Result "1-0"]
[WhiteElo "2862"]
[BlackElo "2525"]
[TimeControl "180+1"]
[EndTime "10:33:41 PST"]
[Termination "Fandorine won by resignation"]

1. Nf3 d5 2. c4 e6 3. g3 Nf6 4. Bg2 Be7 5. O-O O-O 6. b3 b6 7. Bb2 Bb7 8. e3 c5 9. Qe2 Qc8 10. Nc3 Rd8 11. Rfc1 d4 12. exd4 cxd4 13. Nd5 exd5 14.
Qxe7 Nc6 15. Qa3 dxc4 16. Rxc4 Qf5 17. Rac1 Na5 18. Nxd4 Qd3 19. Bxb7 Nxb7 20. Nc6 Re8 21. Bxf6 gxf6 22. Rg4+ Kh8 23. Qb2 Re6 24. Nd4 Re4 25. Nf5 Re6 26. Nh6 Nd6 27. Qd4 Qxd4 28. Rxd4 Kg7 29. Rxd6 Kxh6 30. Rxe6 fxe6 31. Rc6 Re8 32. Kf1 Kg6 33. Ke2 e5 34. Rc7 a5 35. Rb7 Re6 36. Ke3 Rc6 37. a4 Rd6 38. g4 h5 39. f3 hxg4 40. fxg4 Kg5 41. h3 Kg6 42. h4 f5 43.
Re7 Kf6 44. Rh7 fxg4 45. Rh6+ Ke7 46. Rxd6 Kxd6 47. Kf2 Ke6 48. Kg3 Kf5 49. d3 Kg6 50. Kxg4 Kh6 51. Kf5 Kh5 52. Kxe5 Kxh4 53. d4 Kg5 54. d5 Kg6 55. Ke6 1-0

[Event "*** Titled Tuesday Blitz"]
[Site "Chess.com"]
[Date "2020.11.24"]
[Round "2"]
[White "Tpros"]
[Black "kakorrhaphiophobie"]
[Result "1-0"]
[WhiteElo "2598"]
[BlackElo "2322"]
[TimeControl "180+1"]
[EndTime "10:33:41 PST"]
[Termination "Tpros won by resignation"]

1. Nf3 f5 2. d4 Nf6 3. b3 d6 4. Bb2 g6 5. h4 Bg7 6. e3 h6 7. Nbd2 e6 8. Bd3 Qe7 9. e4 Bd7 10. e5 Nd5 11. g3 Nc6 12. a3 dxe5 13. dxe5 a5 14. c4 Nb6 15. Qc2 O-O 16. O-O-O Rfd8 17. Kb1 a4 18. b4 Nxb4 19. axb4 a3 20. Bc3 Na4 21.
Ka2 Bc6 22. Rhe1 Nb2 23. Be2 Ba4 24. Nb3 Nxd1 25. Rxd1 Rxd1 26. Bxd1 Bc6 27. Nfd2 b6 28. b5 Bb7 29. Be2 g5 30. hxg5 hxg5 31. Nf3 g4 32. Nh4 Be4 33. Bd3 Bxd3 34. Qxd3 Bh6 35. Ng2 Rd8 36. Qe2 Qh7 37. Nd4 Kf7 38. Kxa3 Bf8+ 39.
Kb2 Qh1 40. Ne1 Ra8 41. Ndc2 Bc5 42. f3 Qg1 43. fxg4 Qxg3 44. gxf5 exf5 45. e6+ Ke7 46. Qh5 Kxe6 47. Qh6+ Kd7 48. Qc6+ Ke7 49. Qxa8 1-0

[Event "*** Titled Tuesday Blitz"]
[Site "Chess.com"]
[Date "2020.11.24"]
[Round "2"]
[White "Sanyura"]
[Black "pavelalexandru07"]
[Result "1-0"]
[WhiteElo "2527"]
[BlackElo "2300"]
[TimeControl "180+1"]
[EndTime "10:33:41 PST"]
[Termination "Sanyura won on time"]

1. e4 c5 2. Nf3 d6 3. d4 cxd4 4. Nxd4 Nf6 5. Nc3 a6 6. Bg5 Nbd7 7. f4 Qc7 8. Qf3 h6 9. Bh4 g5 10. fxg5 hxg5 11. Bxg5 Qc5 12. Be3 Ne5 13. Qe2 Neg4 14. Bg1 Bh6 15. h3 Qh5 16. g3 Bg5 17. Bg2 Ne5 18.
Qxh5 Rxh5 19. g4 Rh8 20. Nf3 Nxf3+ 21. Bxf3 e6 22. Bf2 Bh4 23. Bxh4 Rxh4 24. Kf2 Nd7 25. Kg3 Rh8 26. g5 Ne5 27. h4 Ke7 28. Ne2 b5 29.
Nf4 Bb7 30. Bg2 Rag8 31. a4 b4 32. c3 b3 33. Ra3 f6 34. Rxb3 Bc6 35. Rb6 fxg5 36.
hxg5 Rxg5+ 37. Kf2 Rxh1 38. Bxh1 Bxa4 39. Rxa6 Bd7 40.
Ra7 Rg4 41. Ne2 Nd3+ 42. Kf3 Rh4 43. Bg2 Nxb2 44. Nd4 Ke8 45. Kg3 Rh6 46. Bh3 Rg6+ 47. Kh4 Rh6+ 48. Kg3 Rg6+ 49. Kf2 Nd3+ 50. Ke3 Ne5 51.
Ra8+ Ke7 52. Rh8 Rg3+ 53. Kf4 Rxc3 54. Rh7+ Kd8 55. Kg5 Nf3+ 56. Nxf3 Rxf3 57. Bg4 Rg3 58. Kf4 Rg1 59. Kf3 Kc7 60. Bxe6 Rf1+ 61. Ke2 Rf6 62.
Bxd7 1-0

[Event "*** Titled Tuesday Blitz"]
[Site "Chess.com"]
[Date "2020.11.24"]
[Round "2"]
[White "tylityli"]
[Black "Ermito2020"]
[Result "0-1"]
[WhiteElo "2341"]
[BlackElo "2637"]
[TimeControl "180+1"]
[EndTime "10:33:42 PST"]
[Termination "Ermito2020 won by resignation"]

1. d4 Nf6 2. c4 g6 3. Nc3 Bg7 4. e4 d6 5. Nge2 O-O 6. Ng3 c5 7. d5 e6 8. Be2 exd5 9. cxd5 a6 10. a4 Re8 11. O-O Nbd7 12. Bg5 h6 13. Bf4 Ne5 14. Qd2 g5 15. Be3 Nfg4 16. Bxg4 Nxg4 17.
h3 Nxe3 18. Qxe3 Bd4 19. Qf3 Qf6 20. Qh5 Bd7 21. Kh1 Qg6 22. Qf3 g4 23. hxg4 Bxg4 24. Qd3 Re5 25. Nce2 Rh5+ 26. Kg1 Bxe2 27. Qxe2 Rg5 28.
Kh2 Rg4 29. Qf3 Re8 30. Rae1 Be5 31. b3 Rf4 32. Qe2 Rxe4 33. Qf3 Bxg3+ 34. fxg3 Rxe1 35. Rxe1 Rxe1 36. Qf4 Re5 37. g4 Qg5 0-1

[Event "*** Titled Tuesday Blitz"]
[Site "Chess.com"]
[Date "2020.11.24"]
[Round "2"]
[White "GMJustin"]
[Black "ambaixador"]
[Result "1-0"]
[WhiteElo "2265"]
[BlackElo "2442"]
[TimeControl "180+1"]
[EndTime "10:33:42 PST"]
[Termination "GMJustin won on time"]

1. e4 c6 2. d4 d5 3. e5 Bf5 4. g4 Bc8 5. Be3 h5 6. gxh5 Bf5 7. Nc3 e6 8. Nge2 Bg4 9. Qd2 Rxh5 10. Ng3 Rh8 11.
Be2 Bxe2 12. Ncxe2 Nd7 13. O-O-O Qb6 14. f4 g6 15. h4 O-O-O 16. h5 gxh5 17. Nxh5 Ne7 18. Neg3 Kb8 19. Nf6 Rxh1 20. Nxd7+ Rxd7 21. Rxh1 Rd8 22. Rh7 Qa6 23. Kb1 Nf5 24. Nxf5 exf5 25. Rxf7 Qf1+ 26. Qc1 Qe2 27. Rxf5 Bb4 28. a3 Be1 29. Rf7 Rh8 30. e6 Bh4 31. f5 Re8 32. Qd2 Qg4 33. Ka2 b6 34. Bf4+ Ka8 35. Bd6 Bd8 36. e7 1-0

[Event "*** Titled Tuesday Blitz"]
[Site "Chess.com"]
[Date "2020.11.24"]
[Round "2"]
[White "MartinMatthiesen"]
[Black "Chamal_Gedgafov"]
[Result "0-1"]
[WhiteElo "2412"]
[BlackElo "2180"]
[TimeControl "180+1"]
[EndTime "10:33:42 PST"]
[Termination "Chamal_Gedgafov won by checkmate"]

1. d4 Nf6 2. c4 e6 3. Nf3 b6 4. g3 Ba6 5. b3 Bb4+ 6. Bd2 Be7 7. Bc3 d5 8. Bg2 c6 9. Ne5 Nfd7 10. Nxd7 Qxd7 11. Nd2 O-O 12. O-O Bf6 13. e4 dxc4 14. Nxc4 Rd8 15. Qf3 b5 16. Ne3 b4 17. Bxb4 Bxf1 18. Rxf1 Bxd4 19. Nc4 Na6 20. Ba5 Rdc8 21. e5 Rab8 22. Bd2 c5 23. Bf4 Nb4 24. Qg4 Kh8 25. Be4 Nd5 26. Bd2 Rf8 27. Qh4 f5 28. exf6 Nxf6 29. Bb1 Rbd8 30. Bg5 Qf7 31. Bxh7 Nxh7 32. Bxd8 Bxf2+ 33. Kg2 Qf3+ 34. Kh3 Qf5+ 35. Kg2 Qd5+ 36.
Kh3 Qf5+ 37. Kg2 Qf3+ 38. Kh3 Qe2 39. Ra1 Bd4 40. Bg5 Bxa1 41. Be3 Qf1+ 42. Kg4 Qf5# 0-1

[Event "*** Titled Tuesday Blitz"]
[Site "Chess.com"]
[Date "2020.11.24"]
[Round "2"]
[White "Sjakkerntobi"]
[Black "isainz"]
[Result "1-0"]
[WhiteElo "2377"]
[BlackElo "2036"]
[TimeControl "180+1"]
[EndTime "10:33:45 PST"]
[Termination "Sjakkerntobi won by checkmate"]

1. e4 c5 2. Nf3 Nc6 3. d4 cxd4 4. Nxd4 e5 5. Nb5 d6 6. a4 Be6 7.
N1c3 a6 8. Na3 Be7 9. Nc4 Rb8 10. Ne3 Bg5 11. Ncd5 Bxd5 12. Nxd5 Bxc1 13. Qxc1 Nf6 14. Nc3 O-O 15. Bc4 Nxe4 16. Nxe4 d5 17. Ba2 dxe4 18. O-O Kh8 19. Qe3 f5 20. Rad1 Qe7 21. c3 Rbd8 22. Qh3 Qg5 23. Be6 Rxd1 24. Rxd1 f4 25. Bf5 Qxf5 26.
b4 Qxh3 27. gxh3 a5 28. b5 Ne7 29. Rd7 Nf5 30. Rxb7 Rc8 31. Rd7 e3 32. fxe3 Nxe3 33.
b6 h6 34. b7 Rb8 35. Kf2 Nc4 36. Rc7 Nd6 37. Kf3 Rxb7 38. Rc6 Nf5 39. Ke4 Ne3 40. Rc5 Re7 41. Rxa5 Nc4 42. Rd5 g5 43. a5 Ra7 44.
Rc5 Nxa5 45. Kxe5 Nb7 46. Rc7 Ra5+ 47. Kf6 Nc5 48. Kg6 Ne4 49. Rc8# 1-0

[Event "*** Titled Tuesday Blitz"]
[Site "Chess.com"]
[Date "2020.11.24"]
[Round "2"]
[White "ChessicallyInclined"]
[Black "Smirnov_Pavel"]
[Result "0-1"]
[WhiteElo "2514"]
[BlackElo "2817"]
[TimeControl "180+1"]
[EndTime "10:33:46 PST"]
[Termination "Smirnov_Pavel won by resignation"]

1. d4 Nf6 2. c4 e6 3. Nc3 Bb4 4.
e3 O-O 5. Ne2 c6 6. a3 Ba5 7. b4 Bc7 8. c5 b6 9. g3 a5 10. Rb1 axb4 11. axb4 bxc5 12. bxc5 Ba6 13. Bg2 d5 14. cxd6 Qxd6 15. O-O Nbd7 16. Re1 e5 17. dxe5 Nxe5 18. Nf4 Rfd8 19. Qxd6 Bxd6 20. Ne4 Nxe4 21.
Bxe4 f5 22. Bg2 Bc4 23. Bb2 g5 24. Nh3 Nd3 25. Red1 g4 26. Nf4 Bxf4 27. exf4 Ba2 28. Bxc6 Rac8 29. Ra1 Bb3 30. Rxd3 Rxd3 31. Bg2 Rc2 32. Be5 Rdd2 33. Ra8+ Kf7 34. Ra7+ Ke6 35. Ra6+ Ke7 36. Ra7+ Rd7 37. Rxd7+ Kxd7 38. h3 h5 39.
hxg4 hxg4 40. Bf1 Ke6 41. Bd3 Rc1+ 42. Kh2 Bd5 43. f3 Bxf3 0-1

[Event "*** Titled Tuesday Blitz"]
[Site "Chess.com"]
[Date "2020.11.24"]
[Round "2"]
[White "Brave_spirit12"]
[Black "swimmerchess"]
[Result "0-1"]
[WhiteElo "2502"]
[BlackElo "2781"]
[TimeControl "180+1"]
[EndTime "10:33:46 PST"]
[Termination "swimmerchess won by resignation"]

1. e4 e5 2. Nf3 Nc6 3. Bc4 Nf6 4. O-O Nxe4 5. d4 exd4 6. Nxd4 d5 7. Bb5 Bd7 8. Re1 Be7 9. Bxc6 bxc6 10. f3 Nf6 11.
Qe2 c5 12. Nb3 Be6 13. f4 g6 14. Nc3 O-O 15. f5 gxf5 16. Bh6 Re8 17. h3 Kh8 18.
Rad1 Rg8 19. Qf2 d4 20. Ne2 Rg6 21. Bc1 Ne4 22. Qf1 Bd6 23. Bf4 Qh4 24. Bxd6 cxd6 25.
Nf4 Rg7 26. c3 dxc3 27. bxc3 Rag8 28. Nd2 Nxc3 29. Rc1 Nxa2 30. Ra1 a5 31. Rxe6 fxe6 32. Rxa2 e5 33. Ne2 Rxg2+ 34. Qxg2 Qe1+ 35. Nf1 Rxg2+ 36. Kxg2 a4 37. Neg3 f4 38. Ne2 f3+ 39. Kxf3 Qxf1+ 40. Ke3 Qxh3+ 41. Kd2 Qb3 42. Ra1 Qb2+ 0-1

[Event "*** Titled Tuesday Blitz"]
[Site "Chess.com"]
[Date "2020.11.24"]
[Round "2"]
[White "Fy_Rakotomaharo"]
[Black "Godzillator"]
[Result "0-1"]
[WhiteElo "2697"]
[BlackElo "2396"]
[TimeControl "180+1"]
[EndTime "10:33:46 PST"]
[Termination "Godzillator won on time"]

1. d4 d5 2. c4 c6 3. Nc3 Nf6 4. Nf3 a6 5. e3 Bf5 6. a4 e6 7. Be2 Be7 8. O-O O-O 9. Nh4 Bg6 10. Qb3 Ra7 11. Nxg6 hxg6 12. Bd2 a5 13. c5 Nbd7 14. f4 b6 15. cxb6 Qxb6 16. Qc2 c5 17. Nb5 cxd4 18. exd4 Raa8 19. Rac1 Ne4 20. Be3 Ndf6 21. Qc7 Qxc7 22. Rxc7 Bb4 23. g4 Bd2 24. Bxd2 Nxd2 25. Rfc1 Nc4 26. b3 Nd2 27. R1c2 Nfe4 28. Bd3 g5 29. fxg5 f5 30. Bxe4 Nxe4 31. Re7 Nxg5 32. Rcc7 Rf7 33. Rxf7 Nxf7 34. gxf5 exf5 35. Kf2 Ng5 36. Rd7 Ne4+ 37. Ke3 Nf6 38. Re7 g5 39. Re5 Ng4+ 40. Kd3 Nxe5+ 41. dxe5 f4 42. Nd4 g4 43. Ne6 f3 44. Ng5 Kg7 45.
Ke3 Kg6 46. Ne6 Kf5 47. Nc7 Rc8 48. Nxd5 Kxe5 49. Ne7 Rc3+ 50. Kd2 Rxb3 51. Ng6+ Kf5 52. Ne7+ Ke4 0-1

[Event "*** Titled Tuesday Blitz"]
[Site "Chess.com"]
[Date "2020.11.24"]
[Round "2"]
[White "FMAntonio"]
[Black "niki_2003"]
[Result "1/2-1/2"]
[WhiteElo "2366"]
[BlackElo "1996"]
[TimeControl "180+1"]
[EndTime "10:33:46 PST"]
[Termination "Game drawn - insufficient material"]

1. e4 c5 2. Nf3 d6 3. d4 cxd4 4. Nxd4 Nf6 5. Bd3 g6 6. O-O Bg7 7. f4 Qb6 8. Bb5+ Bd7 9. Bxd7+ Nbxd7 10. Kh1 Nxe4 11. c3 O-O 12. Qf3 Nef6 13. Nd2 Nh5 14. N2b3 e5 15. Ne2 f5 16. fxe5 dxe5 17. Qd5+ Rf7 18.
Bg5 Nhf6 19. Bxf6 Nxf6 20. Qc4 Ng4 21. Qc5 Qxc5 22. Nxc5 Rd8 23. h3 Ne3 24. Rf3 Nc4 25.
b3 Nd2 26. Rf2 b6 27. Ne6 Rdd7 28. Nxg7 Kxg7 29. Re1 Ne4 30. Rf3 Rd2 31. a4 Rc7 32. c4 Rcd7 33. Nc3 Nxc3 34. Rxc3 e4 35. c5 R7d3 36.
Rxd3 Rxd3 37. cxb6 axb6 38. Rb1 Kf6 39. b4 Ra3 40. a5 bxa5 41. b5 Rd3 42. b6 Rd8 43.
Kg1 Ke6 44. Kf2 Rb8 45. Ke3 Kd5 46. Rb5+ Kc6 47. Rxa5 Rxb6 48. g4 Rb3+ 49. Kf4 Rxh3 50. gxf5 Rf3+ 51. Kxe4 Rxf5 52. Rxf5 gxf5+ 53. Kxf5 Kd6 54. Kg5 Ke7 55. Kh6 Kf7 56. Kxh7 1/2-1/2

[Event "*** Titled Tuesday Blitz"]
[Site "Chess.com"]
[Date "2020.11.24"]
[Round "2"]
[White "CoachHakia"]
[Black "ajdemipopushi"]
[Result "0-1"]
[WhiteElo "2156"]
[BlackElo "2426"]
[TimeControl "180+1"]
[EndTime "10:33:47 PST"]
[Termination "ajdemipopushi won by resignation"]

1. d4 Nf6 2. Bg5 c5 3. Bxf6 gxf6 4. d5 Qb6 5. Qc1 f5 6. c4 e5 7. dxe6 dxe6 8. Nc3 Bg7 9. e3 Nc6 10. Nf3 Qb4 11. Be2 Bd7 12. O-O Na5 13. a3 Qb6 14. Qc2 Qb3 15. Rac1 Qxc2 16. Rxc2 Nb3 17. Rd1 Ke7 18.
Nd2 Nxd2 19. Rcxd2 Rad8 20. Bf3 Bxc3 21. bxc3 b6 22. Kf1 Ba4 23. Rxd8 Rxd8 24. Rxd8 Kxd8 25. Ke2 Bb3 26. Kd3 Ke7 27. e4 fxe4+ 28. Bxe4 f5 29. Bc6 Kf6 30. f4 h6 31. Bd7 e5 32. fxe5+ Kxe5 33. g3 f4 34. gxf4+ Kxf4 35. Bc8 h5 36. Ba6 Kf3 37. Bc8 Kf2 38. Be6 h4 39. h3 Kg3 40.
Ke4 Bd1 41. Kd5 Bf3+ 42. Kd6 Bg2 43. Kc7 Bxh3 44. Bd5 Bg2 45. Kb8 h3 46. Kxa7 h2 47.
Kxb6 h1=Q 48. Kxc5 Qg1+ 49. Kb5 Qa7 0-1

[Event "*** Titled Tuesday Blitz"]
[Site "Chess.com"]
[Date "2020.11.24"]
[Round "2"]
[White "Aureliano-Buendia"]
[Black "sofaceindisguise"]
[Result "1/2-1/2"]
[WhiteElo "2482"]
[BlackElo "2703"]
[TimeControl "180+1"]
[EndTime "10:33:48 PST"]
[Termination "Game drawn by repetition"]

1. Nf3 g6 2. d4 Bg7 3. c4 d6 4. e4 c6 5. Be2 Bg4 6. Nc3 Qb6 7. d5 Bxf3 8. Bxf3 Nd7 9. O-O Ngf6 10. Qc2 O-O 11.
Be3 Qc7 12. Rac1 Rfc8 13. b3 a6 14. g3 h5 15. h3 Kh7 16. Bg2 Qd8 17. f4 Qh8 18. e5 dxe5 19. f5 cxd5 20. fxg6+ fxg6 21. Nxd5 Nxd5 22. Bxd5 Nf6 23. Bf7 e4 24. Rxf6 exf6 25.
Qxe4 f5 26. Qe6 Bf6 27. Bg5 Rc6 28. Qd7 Bxg5 29. Qxb7 Qd4+ 30. Kh1 Qe4+ 31. Kh2 Qe2+ 32.
Kh1 Qf3+ 33. Kh2 Bxc1 34. Qxa8 Qe2+ 35. Kh1 Qe4+ 36. Kh2 Rd6 37. Qg8+ Kh6 38. Qf8+ Kg5 39. Qxd6 Qe2+ 40. Kh1 Be3 41. Qd8+ Kh6 42. Qf8+ Kg5 43. Qd8+ Kh6 44. Qf8+ Kg5 45. Qd8+ 1/2-1/2

[Event "*** Titled Tuesday Blitz"]
[Site "Chess.com"]
[Date "2020.11.24"]
[Round "2"]
[White "Teo2000"]
[Black "Campelov"]
[Result "1-0"]
[WhiteElo "2431"]
[BlackElo "2178"]
[TimeControl "180+1"]
[EndTime "10:33:48 PST"]
[Termination "Teo2000 won by resignation"]

1. e4 c5 2. b4 b6 3. bxc5 bxc5 4. g3 Nc6 5. Bg2 e6 6. Nc3 Bb7 7. Nge2 d6 8. Rb1 Qc7 9. O-O Nf6 10. d4 cxd4 11. Nxd4 Nxd4 12. Qxd4 e5 13. Qd3 a6 14. Ba3 Be7 15. Rfd1 O-O 16. Bxd6 Bxd6 17. Qxd6 Qxc3 18. Rxb7 Qxc2 19. Qd2 Rac8 20. h3 h6 21. Rb6 Qxd2 22. Rxd2 Ra8 23. Rdd6 a5 24. a4 Rfc8 25. Rb5 Rc4 26.
Rxe5 Rxa4 27. Re7 Ra1+ 28. Kh2 Re8 29. Rxe8+ Nxe8 30. Ra6 a4 31. e5 Kf8 32. Bc6 Ke7 33.
Rxa4 Rxa4 34. Bxa4 Nc7 35. Bb3 f6 36. exf6+ Kxf6 37.
Kg2 Nb5 38. f4 Nd4 39. Bd5 g5 40. fxg5+ hxg5 41. Kf2 Nf5 42. g4 Nh4 43. Be4 Ke5 44. Ke3 Kf6 45. Kd4 Ng6 46. Bxg6 Kxg6 47. Ke5 Kg7 48. Kf5 Kh6 49. Kf6 Kh7 50. Kxg5 1-0

[Event "*** Titled Tuesday Blitz"]
[Site "Chess.com"]
[Date "2020.11.24"]
[Round "2"]
[White "esrosenberg"]
[Black "amatatanav"]
[Result "0-1"]
[WhiteElo "2134"]
[BlackElo "2415"]
[TimeControl "180+1"]
[EndTime "10:33:48 PST"]
[Termination "amatatanav won by resignation"]

1. Nf3 Nf6 2. c4 e6 3. Nc3 d5 4. d4 Be7 5. Bg5 h6 6. Bf4 O-O 7. e3 a6 8. Qc2 Nbd7 9. Rd1 dxc4 10. Bxc4 b5 11. Be2 Bb7 12. a3 Rc8 13. b4 Nd5 14. Nxd5 Bxd5 15. O-O Bd6 16. Ne5 f6 17. Ng6 Re8 18. e4 Bb7 19. e5 Bf8 20. Bf3 Bxf3 21. gxf3 Nb6 22. Kh1 f5 23. Rg1 Kh7 24. Rg3 Nd5 25.
Bc1 c6 26. Rdg1 Rc7 27. Qe2 Nb6 28. Qf1 Qxd4 29. Qh3 Qd7 30. Bf4 Nd5 31. Be3 a5 32. Nxf8+ Rxf8 33. Qh5 Qf7 34. Rg6 Nxe3 35. fxe3 axb4 36.
R1g3 bxa3 37. Rxg7+ Qxg7 38. Rxg7+ Rxg7 39. Qh3 Ra8 40. Qf1 a2 41. Qa1 b4 42. h4 b3 43. h5 b2 44. Qxb2 a1=Q+ 45. Qxa1 0-1

[Event "*** Titled Tuesday Blitz"]
[Site "Chess.com"]
[Date "2020.11.24"]
[Round "2"]
[White "PIwan"]
[Black "Sebastian"]
[Result "0-1"]
[WhiteElo "2552"]
[BlackElo "2909"]
[TimeControl "180+1"]
[EndTime "10:33:49 PST"]
[Termination "Sebastian won by checkmate"]

1. c4 e5 2. Nc3 Nf6 3. Nf3 Nc6 4. e3 Bb4 5. Qc2 Bxc3 6. Qxc3 Qe7 7. d4 e4 8. d5 exf3 9. dxc6 fxg2 10. cxd7+ Bxd7 11. Bxg2 O-O-O 12. b3 Bc6 13. Bxc6 bxc6 14. Bb2 Ne4 15. Qa5 Qh4 16. Qa6+ Kb8 17. Rf1 Rd6 18. Be5 Rhd8 19. Bxd6 Rxd6 20. Rd1 Qf6 21. Rxd6 Qxd6 22. Qa5 Qd3 23. Qb4+ Kc8 24. Qf8+ Kb7 25. Qb4+ Ka6 26. Qa4+ Kb6 27. Qb4+ Ka6 28. Qa4+ Kb7 29. Qb4+ Kc8 30. Qf8+ Kd7 31. Qxf7+ Kd6 32. Qf8+ Kd7 33. Qf7+ Kc8 34. Qf8+ Kb7 35. Qb4+ Kc8 36. Qf8+ Kd7 37. Qxg7+ Kc8 38. Qf8+ Kb7 39. Qb4+ Kc8 40. Qf8+ Kd7 41. Qg7+ Kc8 42. Qd4 Qc2 43. Qe5 Qd2# 0-1

[Event "*** Titled Tuesday Blitz"]
[Site "Chess.com"]
[Date "2020.11.24"]
[Round "2"]
[White "Nuvas"]
[Black "rasmussvane"]
[Result "0-1"]
[WhiteElo "2422"]
[BlackElo "2893"]
[TimeControl "180+1"]
[EndTime "10:33:49 PST"]
[Termination "rasmussvane won on time"]

1. d4 d5 2. c4 e6 3. Nc3 a6 4. cxd5 exd5 5. Nf3 Nf6 6. Bg5 Be6 7. e3 Nbd7 8. Bd3 Bd6 9. h3 c6 10. Bf4 Qc7 11. Bxd6 Qxd6 12. O-O O-O 13. Rc1 g6 14.
Re1 Rfd8 15. Qb3 Rab8 16. Bb1 Qe7 17. Qa4 Nb6 18. Qd1 Nc4 19. b3 Nd6 20. Ne5 Bf5 21. Bxf5 Nxf5 22. f3 Rbc8 23. Na4 Nd7 24. Nxd7 Qxd7 25.
Nb6 Qd6 26. Nxc8 Rxc8 27. Qd2 Rd8 28. Rcd1 h5 29. Qf2 Rd7 30. Rd2 Qb4 31. Red1 Re7 32. Re2 Rd7 33. g4 Ng7 34. e4 hxg4 35. hxg4 dxe4 36. fxe4 Ne6 37. Qf6 Qc3 38. Rh2 Qe3+ 39. Kf1 Ng7 40. Rdd2 a5 41. d5 c5 42. e5 b5 0-1

[Event "*** Titled Tuesday Blitz"]
[Site "Chess.com"]
[Date "2020.11.24"]
[Round "2"]
[White "Ashedu66"]
[Black "yobdc"]
[Result "0-1"]
[WhiteElo "2235"]
[BlackElo "2452"]
[TimeControl "180+1"]
[EndTime "10:33:49 PST"]
[Termination "yobdc won on time"]

1. d4 e6 2. e4 d5 3. Nc3 Bb4 4. exd5 exd5 5. Bd3 Nf6 6. Ne2 c6 7. O-O O-O 8. h3 Re8 9. Ng3 g6 10. Qf3 Nbd7 11. Bg5 Bf8 12. Rae1 Rxe1 13. Rxe1 h6 14. Bf4 Bg7 15. Nce2 Nf8 16. c3 a5 17. Be5 Ne6 18. Nf4 Nxf4 19. Qxf4 Bd7 20. h4 h5 21. f3 a4 22. a3 Qe7 23. Re2 Be6 24. Qg5 Re8 25. f4 Ng4 26. Qxe7 Rxe7 27. Bxg7 Kxg7 28.
f5 gxf5 29. Nxf5+ Bxf5 30. Rxe7 Bxd3 31. Rxb7 Bb5 32. Re7 Kg6 33. g3 f6 34. Kg2 Kf5 35.
Kf3 Nh2+ 36. Ke3 Ng4+ 37. Kf3 Bd3 38. Rc7 Bb5 39. Rh7 Kg6 40. Re7 Nh6 41. Kf4 Nf5 42.
Ra7 Nd6 0-1

[Event "*** Titled Tuesday Blitz"]
[Site "Chess.com"]
[Date "2020.11.24"]
[Round "2"]
[White "SHIVACalypso"]
[Black "wisdomboy"]
[Result "1-0"]
[WhiteElo "2418"]
[BlackElo "2139"]
[TimeControl "180+1"]
[EndTime "10:33:49 PST"]
[Termination "SHIVACalypso won by resignation"]

1. Nf3 Nf6 2. c4 c5 3. g3 Nc6 4. Bg2 g6 5. O-O Bg7 6. Nc3 O-O 7. d3 d6 8. a3 a6 9. Rb1 Ng4 10. h3 Nge5 11. Nxe5 Bxe5 12. Bd2 Be6 13. b4 Qd7 14. Kh2 Rab8 15. Nd5 b6 16. Bh6 Rfe8 17. b5 axb5 18.
cxb5 Nd4 19. Bf4 Bxd5 20. Bxd5 Bxf4 21. gxf4 Qf5 22. Bg2 Qxf4+ 23. Kh1 Ra8 24. e3 Qf5 25. exd4 Rxa3 26. dxc5 Rxd3 27. Qg4 Qxg4 28. hxg4 dxc5 29.
Rfd1 Red8 30. Rxd3 Rxd3 31. Ra1 Rd4 32. Bf3 Kg7 33. Ra6 Rf4 34. Kg2 e5 35. Rxb6 Rb4 36.
Rb7 Kf8 37. b6 f5 38. gxf5 gxf5 39. Bd5 c4 40. Rf7+ Ke8 41. b7 c3 42. Rc7 Kd8 43. Rc8+ Kd7 44. b8=Q Rxb8 45. Rxb8 c2 46. Be6+ Kxe6 47.
Rc8 e4 48. Rxc2 Ke5 49. Rc7 h5 50. Rh7 Kf4 51. Rxh5 Kg4 52. Rh8 f4 53. Rg8+ Kf5 54.
Kh3 e3 55. fxe3 fxe3 56. Kg2 Ke4 57. Kf1 Kd3 58. Ke1 Ke4 59. Ke2 Kf4 60. Re8 Kf5 61.
Rxe3 Kf6 62. Kd3 Kf5 63. Kd4 Kg4 64. Re4+ Kg5 65. Kd5 Kf6 66. Re5 Kf7 67. Re6 Kg7 68. Ke5 Kf7 69. Kf5 Kg7 70. Rf6 1-0

[Event "*** Titled Tuesday Blitz"]
[Site "Chess.com"]
[Date "2020.11.24"]
[Round "2"]
[White "suyu28"]
[Black "queen_iryna"]
[Result "1-0"]
[WhiteElo "2603"]
[BlackElo "2254"]
[TimeControl "180+1"]
[EndTime "10:33:50 PST"]
[Termination "suyu28 won by resignation"]

1. e4 d6 2. d4 Nf6 3. Nc3 e5 4.
Nf3 Nbd7 5. Bc4 Be7 6. a4 O-O 7. O-O c6 8. Re1 h6 9. h3 Re8 10. a5 Bf8 11. a6 b5 12. Bb3 Qc7 13. d5 b4 14. dxc6 bxc3 15. cxd7 Bxd7 16. bxc3 Qxc3 17. Bd2 Qc7 18. Ba5 Qc6 19. Qd3 Be6 20. Ba4 Qc5 21. Bxe8 Rxe8 22. Bd2 Rc8 23. Be3 Qc7 24. Nd2 d5 25.
exd5 Nxd5 26. c4 Nxe3 27. Qxe3 f6 28. Ne4 Qxc4 29. Rec1 Qb5 30. Rxc8 Bxc8 31. Qxa7 f5 32. Ng3 Bc5 33. Qc7 Bxa6 34. Nxf5 Bxf2+ 35. Kxf2 Qb2+ 36. Kg3 Qb3+ 37. Kh2 Qf7 38. Qxf7+ Kxf7 39. Rxa6 e4 40. Ne3 g6 41. Kg3 Kg7 42. Kf4 h5 43. Kxe4 Kh7 44.
g4 Kh6 45. gxh5 Kxh5 46. Kf3 g5 47. Kg2 Kh4 48. Ra4+ Kh5 49. Ng4 Kg6 50. Ra6+ 1-0

[Event "*** Titled Tuesday Blitz"]
[Site "Chess.com"]
[Date "2020.11.24"]
[Round "2"]
[White "vugarrasulov"]
[Black "Fusikk"]
[Result "1-0"]
[WhiteElo "2879"]
[BlackElo "2529"]
[TimeControl "180+1"]
[EndTime "10:33:52 PST"]
[Termination "vugarrasulov won by resignation"]

1. d4 Nf6 2. c4 d6 3. Nf3 g6 4. g3 Bg7 5. Bg2 O-O 6. O-O c6 7.
b3 Bf5 8. Bb2 Qc8 9. Re1 Ne4 10.
Nh4 d5 11. Nxf5 Qxf5 12. f3 Nd6 13. Nd2 Qe6 14. cxd5 cxd5 15. e3 Nc6 16. Qe2 Rac8 17. Rac1 a6 18. a3 Qd7 19. Qd3 e6 20. Rc5 b6 21.
Rc2 Qb7 22. Rec1 Na5 23. Bc3 Nc6 24. Bb2 Na5 25. Kf2 Rxc2 26. Rxc2 Rc8 27. Bf1 Rxc2 28. Qxc2 b5 29. Bd3 Qc6 30. Qxc6 Nxc6 31. Ke2 Kf8 32.
Nb1 Ke7 33. Nc3 Kd7 34. a4 b4 35. Nd1 Na5 36. Bc2 Kc6 37. Nf2 f5 38. Nd3 Kb7 39.
Nxb4 Bf8 40. Nd3 Be7 41. Nc5+ Ka7 42. Nxe6 Nc6 43. Ba3 a5 44. Bc5+ Kb7 45. Bd3 Nb4 46. Nf4 Nxd3 47. Kxd3 Kc6 48. b4 axb4 49. Bxb4 Bg5 50.
Bxd6 Kxd6 51. Ne2 Bd8 52. Nc3 Ba5 53. e4 Kc6 54. Nxd5 fxe4+ 55. fxe4 Kd6 56. Nf6 h5 57. e5+ Ke6 58. Ke4 Bc3 59. d5+ Ke7 60. h3 Kd8 61. d6 g5 62. Kd5 h4 63. gxh4 1-0